 Dungeon Crawl Stone Soup version 0.31-a0-128-g25add195a6 (webtiles) character file.

Game seed: 10890042138787622041

26 senseless the Chiller (level 3, 21/21 HPs)
             Began as an Octopode Ice Elementalist on June 1, 2023.
             Quit the game on level 2 of the Dungeon.
             The game lasted 00:02:31 (916 turns).

senseless the Chiller (Octopode Ice Elementalist)    Turns: 916, Time: 00:02:31

Health: 21/21      AC:  1    Str:  7    XL:     3   Next: 8%
Magic:  6/6        EV: 13    Int: 19    God:
Gold:   52         SH:  0    Dex: 12    Spells: 5/6 levels left

rFire   . . .        h - +0 dagger
rCold   . . .        (no shield)
rNeg    . . .        (helmet restricted)
rPois   .            c - amulet of faith
rElec   .            (no ring)
rCorr   .            (no ring)
SInv    .            (no ring)
Will    .....        (no ring)
Stlth   +++          (no ring)
HPRegen 0.23/turn    (no ring)
MPRegen 0.10/turn    (no ring)
                     (no ring)

%: faith
@: no status effects
A: almost no armour, amphibious, 8 rings, camouflage 1, gelatinous body 1,
(nimble swimmer 1), tentacles
a: no special abilities


You were on level 2 of the Dungeon.
You visited 1 branch of the dungeon, and saw 2 of its levels.

You collected 52 gold pieces.

Inventory:

Hand Weapons
 h - a +0 dagger (weapon)
Jewellery
 c - an amulet of faith (around mantle)
Scrolls
 b - 2 scrolls of identify {unknown}
 d - a scroll of noise {unknown}
 f - a scroll of silence {unknown}
Potions
 a - a potion of magic
 e - a potion of might {unknown}
 g - a potion of lignification {unknown}


   Skills:
 + Level 2.4 Dodging
 + Level 3.3 Stealth
 + Level 2.3 Spellcasting
 + Level 4.2 Ice Magic


You had 5 spell levels left.
You knew the following spells:

 Your Spells              Type           Power      Damage    Failure   Level
a - Freeze                Ice            72%        1d8       3%          1

Your spell library contained the following spells:

 Spells                   Type           Power      Damage    Failure   Level
 Frozen Ramparts          Ice            36%        1d6       9%          3
 Ozocubu's Armour         Ice            18%        N/A       9%          3
 Slow                     Hex            8%         N/A       16%         1
 Confusing Touch          Hex            2%         N/A       43%         3
 Vampiric Draining        Necr           2%         2d6       43%         3
 Summon Ice Beast         Ice/Summ       10%        N/A       56%         4


Dungeon Overview and Level Annotations

Branches:
Dungeon (2/15)

Altars:
Ru


Innate Abilities, Weirdness & Mutations

You cannot wear most types of armour.
You are amphibious.
You can wear up to eight rings at the same time.
Your skin changes colour to match your surroundings (Stealth+).
Your rubbery body absorbs attacks. (AC +1, EV +1)
((You are camouflaged when in or above water. (Stealth+)))
You have tentacles for arms and can constrict up to eight enemies at once.


Message History

You now have 38 gold pieces (gained 9).
Things that are here:
a +0 short sword; 2 stones; a kobold corpse You see here a +0 pair of gloves.
You see here a +0 leather armour.
A ball python comes into view.
The ball python hisses angrily.
The ball python bites you. The ball python grabs you.
The ball python constricts you.
You tentacle-slap the ball python. You grab the ball python.
The ball python is severely wounded.
You constrict the ball python.
You kill the ball python!
A kobold is nearby!
You tentacle-slap the kobold but do no damage.
Your grab misses the kobold. The kobold closely misses you.
You miss the kobold. You grab the kobold. You squeeze the kobold.
You kill the kobold!
You now have 52 gold pieces (gained 14).
Things that are here:
a +0 short sword; a kobold corpse You enter the shallow water.
You enter the shallow water.
You enter the shallow water.
Done exploring.
Search for what [? for help]? .
Sorry, I don't know how to get there.
You see here a +0 leather armour.
There is a stone staircase leading down here.
Search for what [Enter for "."]? .
You see here a +0 dagger.
h - a +0 dagger (weapon)
There is a stone staircase leading down here.
You climb downwards.
Found a sacrificial altar of Ru.
There is a stone staircase leading up here.
Okay, then.
Welcome back, senseless the Octopode Ice Elementalist.
Press ? for a list of commands and other information.
Are you sure you want to abandon this character and quit the game? (Confirm with "yes".)

..... .... ...#
... ..##
..####.##
...####........
#.....@.......
..........#####
......###...#
...... .#..#
....# . ..#
.... .. .. ...
## . _.


There were no monsters in sight!

Vanquished Creatures
  A dart slug (D:1)
  4 ball pythons (D:1)
  4 endoplasms (D:1)
  2 giant cockroaches (D:1)
  2 quokkas (D:1)
  3 bats (D:1)
  3 frilled lizards (D:1)
  3 kobolds (D:1)
  A rat (D:1)
23 creatures vanquished.

Notes
Turn   | Place    | Note
-------+----------+-------------------------------------------
     0 | D:1      | senseless the Octopode Ice Elementalist began the quest for
                  | the Orb.
     0 | D:1      | Reached XP level 1. HP: 11/11 MP: 3/3
   130 | D:1      | Reached XP level 2. HP: 15/17 MP: 0/5
   606 | D:1      | Reached XP level 3. HP: 15/21 MP: 3/6
   915 | D:2      | Found a sacrificial altar of Ru.
   916 | D:2      | Quit the game

Illustrated notes

Levels and vault maps discovered:
D:1:      lemuel_arrival_muddy, layout_basic, item_on_display_a
D:2:      layout_rooms, basic_altar

Skill      XL: |  1 |
---------------+----+-----
Stealth        | 3 |  3.3
Dodging        | |  2.4
Spellcasting   | |  2.3
Ice Magic      | |  4.2

Action                     || total
---------------------------++-------
  Melee: Unarmed           ||    10
         Constrict         ||     6
         Tentacles         ||     5
   Cast: Freeze            ||    28
   Stab: Sleeping          ||     1
 Armour: Skin              ||     3
  Dodge: Dodged            ||    19

Table legend: (Time is in decaauts)
 A = Elapsed time spent in this place.
 B = Non-inter-level travel time spent in this place.
 C = Inter-level travel time spent in this place.
 D = Time resting spent in this place.
 E = Time spent auto-exploring this place.
 F = Levels seen in this place.
 G = Mean time per level.
                   A        B        C        D        E       F      G
               +--------+--------+--------+--------+--------+-----+--------+
         Total |    915 |    835 |     80 |     32 |    656 |   2 |  457.5 |
       Dungeon |    915 |    835 |     80 |     32 |    656 |   2 |  457.5 |
               +--------+--------+--------+--------+--------+-----+--------+

Top non-repeatable levels by time:
     D:1: 914 daAuts
     D:2: 0 daAuts
